 Dungeon Crawl Stone Soup version 0.27-a0-1105-g946c659c87 (webtiles) character file.

Game seed: 15345941894007842426

1227 Papr the Cleaver (level 8, -2/60 HPs)
             Began as a Minotaur Fighter on Apr 30, 2021.
             Was a Believer of Hepliaklqana.
             Killed from afar by an electric eel (10 damage)
             ... with a bolt of electricity
             ... on level 6 of the Dungeon.
             The game lasted 00:08:21 (4736 turns).

Papr the Cleaver (Minotaur Fighter)                 Turns: 4736, Time: 00:08:26

Health: -2/60      AC:  9    Str: 20    XL:     8   Next: 23%
Magic:  7/7        EV:  6    Int:  7    God:    Hepliaklqana [**....]
Gold:   238        SH: 10    Dex: 11    Spells: 7/7 levels left

rFire    . . .     SeeInvis +   a - +0 war axe
rCold    . . .     Faith    .   c - +0 kite shield
rNeg     . . .     Spirit   .   n - +0 chain mail
rPois    .         Reflect  .   (helmet restricted)
rElec    .         Harm     .   (no cloak)
rCorr    .         Rampage  .   (no gloves)
Will     .....                  (no boots)
Stlth    ..........             (no amulet)
HPRegen  0.20/turn              o - ring of see invisible
MPRegen  0.10/turn              (no ring)

@: no status effects
A: reduced essence, horns 2, retaliatory headbutt
a: Renounce Religion, Recall Ancestor, Ancestor Identity


You were on level 6 of the Dungeon.
You worshipped Hepliaklqana.
Hepliaklqana was pleased with you.
You visited 1 branch of the dungeon, and saw 6 of its levels.

You collected 238 gold pieces.

Inventory:

Hand Weapons
 a - a +0 war axe (weapon)
 i - a +2 dagger of venom
Armour
 b - a +0 scale mail
 c - a +0 kite shield (worn)
 n - a +0 chain mail (worn)
 v - a +0 pair of boots
Jewellery
 o - a ring of see invisible (left hand)
Wands
 s - a wand of iceblast (6)
Scrolls
 f - 2 scrolls of magic mapping
 g - a scroll of teleportation
 l - 2 scrolls of identify {unknown}
 p - a scroll of fog {unknown}
 q - a scroll of blinking {unknown}
Potions
 d - 2 potions of might
 e - 2 potions of curing {unknown}
 h - a potion of invisibility {unknown}
 j - a potion of cancellation {unknown}
 k - a potion of attraction {unknown}
 m - 2 potions of degeneration {unknown}
 r - a potion of haste {unknown}
 t - a potion of berserk rage {unknown}
 u - a potion of heal wounds {unknown}


   Skills:
 + Level 4.9 Fighting
 - Level 10.0 Axes
 + Level 5.0 Armour
 + Level 2.6 Dodging
 + Level 5.0 Shields


You had 7 spell levels left.
You didn't know any spells.
Your spell library was empty.

Dungeon Overview and Level Annotations

Branches:
Dungeon (6/15)
 Temple: D:4-7

Altars:
Gozag
Hepliaklqana
Kikubaaqudgha
Zin

Annotations:
D:2 1 runed translucent door, Crazy Yiuf


Innate Abilities, Weirdness & Mutations

Your life essence is reduced to manifest your ancestor. (-10% HP)
You have a pair of horns on your head.
You reflexively headbutt those who attack you in melee.


Message History

You hit the howler monkey.
You kill the howler monkey!
HP restored.
You swap places.
You swap places.
You swap places.
A kobold brigand comes into view.
It is wielding a +0 short sword and quivering poisoned darts.
An electric eel comes into view.
A kobold comes into view.
It is wielding a +0 short sword and quivering poisoned darts.
The kobold shouts! x2
The kobold shoots a bolt.
The bolt hits you.
The kobold moves out of view.
The hound barks!
The kobold shouts!
The kobold shoots a bolt.
The bolt hits you.
You see here a puce potion.
u - a puce potion The kobold hits the plant with a +0 short sword.
The plant begins to die.
The kobold shouts!
The kobold hits the plant with a +0 short sword.
You see here a +0 pair of boots.
v - a +0 pair of boots The electric eel shoots out a bolt of lightning at you!
The bolt of electricity hits you! x2
The bolt of electricity hits the electric eel.
The electric eel completely resists.
The bolt of electricity hits the plant!
The plant begins to die.
The kobold hits the plant with a +0 short sword.
You closely miss the electric eel. Your headbutt misses the electric eel.
The electric eel shoots out a bolt of lightning at you!
The bolt of electricity hits you! x2
* * * LOW HITPOINT WARNING * * *
The bolt of electricity hits the electric eel.
The electric eel completely resists.
The bolt of electricity hits the plant!
The kobold shoots a bolt.
The bolt hits you.
* * * LOW HITPOINT WARNING * * *
Leofric hits the electric eel with a +0 dagger of draining.
The kobold hits the plant with a +0 short sword.
The electric eel shoots out a bolt of lightning at you!
The bolt of electricity hits you!
You die...

..........#.#PP≈.≈K
##........#.#.#≈.≈#.#
#......<..#.#..≈.≈..#
#........##.#..≈.≈..#
#.#########.#.#≈.≈#h#
#.### #.#PP≈.≈KK#
....# #.#..≈.≈KK#
#.#.# #.#.#;.≈#K#
#.#.# ####.#..R@≈KP#
#.#.# #.......#.####
#.#.# #.##.####.#
#.#.# #.##.# #.#
#.#.####.##.# #.#
.......#.##.####.#
#R#.##.#.##.#....#
..#.#<......#.####
###.#########.##


You could see the friendly Leofric the hexer, a kobold brigand, a hound, an
electric eel (ally target) and 5 kobolds.

Vanquished Creatures
  A sky beast (D:5)
  An ogre (D:5)
  A necrophage (D:5)
  A centaur (D:5)
  2 scorpions (D:5)
  A water moccasin skeleton (D:4)
  2 howler monkeys
  A bullfrog zombie (D:5)
  A bullfrog skeleton (D:5)
  2 orc wizards (D:5)
  Robin (D:2)
  5 adders
  A howler monkey skeleton (D:5)
  A shadow imp (D:5)
  A worm (D:2)
  3 dart slugs
  6 orcs
  4 endoplasms
  A giant cockroach (D:2)
  6 goblins
  4 hobgoblins
  A jackal (D:4)
  A quokka (D:1)
  3 ball pythons
  2 bats (D:2)
  A frilled lizard (D:2)
  4 kobolds
  4 rats
62 creatures vanquished.

Vanquished Creatures (collateral kills)
  2 ogres (D:5)
  A centaur (D:3)
  A scorpion (D:5)
  A bullfrog zombie (D:5)
  A hound (D:5)
  A worm (D:2)
  2 dart slugs
  5 orcs
  2 goblins
  A hobgoblin (D:3)
  3 jackals (D:4)
  A rat (D:3)
21 creatures vanquished.

Vanquished Creatures (others)
  3 hexers
  9 plants (D:6)
12 creatures vanquished.

Grand Total: 95 creatures vanquished

Notes
Turn   | Place    | Note
-------+----------+-------------------------------------------
     0 | D:1      | Papr the Minotaur Fighter began the quest for the Orb.
     0 | D:1      | Reached XP level 1. HP: 19/19 MP: 0/0
   661 | D:1      | Reached XP level 2. HP: 27/27 MP: 1/1
   725 | D:1      | Found a faded altar of an unknown god.
   757 | D:1      | Became a worshipper of Hepliaklqana the Forgotten
   757 | D:1      | Reached * piety under Hepliaklqana
   915 | D:2      | Reached skill level 3 in Axes
   915 | D:2      | Noticed Robin
  1137 | D:2      | Killed Robin
  1143 | D:2      | Reached XP level 3. HP: 20/29 MP: 2/2
  1241 | D:2      | Reached skill level 4 in Axes
  1719 | D:2      | Found a runed translucent door.
  1720 | D:2      | Noticed Crazy Yiuf
  1770 | D:2      | Reached XP level 4. HP: 35/36 MP: 3/3
  1927 | D:2      | Reached ** piety under Hepliaklqana
  1928 | D:2      | Remembered your ancestor Leofric as a hexer
  2271 | D:3      | Noticed a centaur
  2279 | D:3      | Killed a centaur
  2280 | D:3      | Reached skill level 6 in Axes
  2280 | D:3      | Reached XP level 5. HP: 34/41 MP: 4/4
  2350 | D:3      | Found an opulent altar of Gozag.
  2351 | D:3      | Found a glowing silver altar of Zin.
  3150 | D:4      | Noticed a yak
  3150 | D:4      | Noticed a yak
  3150 | D:4      | Noticed a yak
  3150 | D:4      | Noticed a yak
  3150 | D:4      | Noticed a yak
  3150 | D:4      | Noticed a yak
  3279 | D:4      | Reached skill level 7 in Axes
  3283 | D:4      | Reached XP level 6. HP: 42/46 MP: 5/5
  3347 | D:4      | Found an ancient bone altar of Kikubaaqudgha.
  3516 | D:5      | Entered Level 5 of the Dungeon
  3586 | D:5      | Noticed a sky beast
  3595 | D:5      | Killed a sky beast
  3596 | D:5      | Reached skill level 8 in Axes
  3695 | D:5      | Reached skill level 9 in Axes
  3695 | D:5      | Reached XP level 7. HP: 38/52 MP: 6/6
  3880 | D:5      | Reached skill level 10 in Axes
  3911 | D:5      | Reached skill level 1 in Dodging
  3987 | D:5      | Reached XP level 8. HP: 32/60 MP: 7/7
  4603 | D:5      | Reached skill level 5 in Armour
  4603 | D:5      | Reached skill level 5 in Shields
  4736 | D:6      | Killed from afar by an electric eel

Illustrated notes

Levels and vault maps discovered:
D:1:      giann_wishing_wells, layout_loops_ring,
          shapermc_ecumenical_altar_starsandcircs
D:2:      layout_loops_corners, uniq_robin, uniq_crazy_yiuf_cottage
D:3:      layout_loops_ring, grunt_temple_overflow_gold_and_silver
D:4:      layout_rooms, minitemple, kennysheep_little_box
D:5:      layout_basic
D:6:      layout_basic, nicolae_elyvilon_temple_path, minmay_temple_entry_fiery,
          serial_shops, shop_statue

Skill      XL: |  1  2  3  4  5  6  7  8 |
---------------+-------------------------+-----
Axes           | 3 4 6 7 9 10 | 10.0
Armour         | 4 5 |  5.0
Shields        | 4 5 |  5.0
Fighting       | 4 |  4.9
Dodging        | 1 2 |  2.6

Action                   |  1- 3 |  4- 6 |  7- 9 || total
-------------------------+-------+-------+-------++-------
Melee: War axe           |    55 |    80 |    55 ||   190
       Headbutt          |     5 |    11 |    11 ||    27
Invok: Ancestor Life: He |       |     1 |       ||     1
       Recall Ancestor   |       |     1 |     1 ||     2
  Use: Scroll            |       |     2 |       ||     2
 Stab: Confused          |       |       |     1 ||     1
Armor: Scale mail        |    22 |    19 |       ||    41
       Chain mail        |       |    20 |    24 ||    44
Dodge: Dodged            |    23 |    26 |    14 ||    63
Block: Kite shield       |    30 |    49 |    18 ||    97

Table legend: (Time is in decaauts)
 A = Elapsed time spent in this place.
 B = Non-inter-level travel time spent in this place.
 C = Inter-level travel time spent in this place.
 D = Time resting spent in this place.
 E = Time spent auto-exploring this place.
 F = Levels seen in this place.
 G = Mean time per level.
                   A        B        C        D        E       F      G
               +--------+--------+--------+--------+--------+-----+--------+
         Total |   4811 |   4602 |    209 |    561 |   3022 |   6 |  801.8 |
       Dungeon |   4811 |   4602 |    209 |    561 |   3022 |   6 |  801.8 |
               +--------+--------+--------+--------+--------+-----+--------+

Top non-repeatable levels by time:
     D:2: 1403 daAuts
     D:5: 1111 daAuts
     D:3: 1055 daAuts
     D:1: 923 daAuts
     D:4: 191 daAuts
     D:6: 125 daAuts
